 Dungeon Crawl Stone Soup version 0.31.0-11-ge490571c62 (webtiles) character file.

Game seed: 17819843254249724343

126 qw the Skirmisher (level 4, 0/25 HPs)
             Began as a Deep Elf Hunter on Feb 4, 2024.
             Slain by a river rat (8 damage)
             ... in a sewer.
             The game lasted 00:00:08 (2024 turns).

qw the Skirmisher (Deep Elf Hunter)                 Turns: 2024, Time: 00:00:08

Health: 0/25       AC:  5    Str: 10    XL:     4   Next: 83%
Magic:  6/6        EV: 11    Int: 14    God:
Gold:   57         SH:  0    Dex: 18    Spells: 3/3 levels left

rFire   . . .        a - +1 shortbow
rCold   . . .        (shield currently unavailable)
rNeg    . . .        l - +0 ring mail
rPois   .            (no helmet)
rElec   .            (no cloak)
rCorr   .            (no gloves)
SInv    .            (no boots)
Will    .....        (no amulet)
Stlth   +            (no ring)
HPRegen 0.24/turn    (no ring)
MPRegen 0.10/turn

%: no passive effects
@: no status effects
A: no striking features
a: no special abilities


You were in a sewer.
You visited 1 branch of the dungeon, and saw 3 of its levels.
You also visited: Sewer.

You collected 109 gold pieces.
You spent 52 gold pieces at shops.


   Skills:
 - Level 1.5 Fighting
 + Level 8.2 Ranged Weapons
 - Level 2.4 Dodging
 - Level 1.2 Stealth


You had 3 spell levels left.
You didn't know any spells.
Your spell library was empty.

Inventory:

Hand Weapons
 a - a +1 shortbow (weapon)
Armour
 l - a +0 ring mail (worn)
Scrolls
 c - a scroll of fog {unknown}
 d - a scroll of identify
Potions
 b - a potion of magic {unknown}
 i - a potion of curing {unknown}
 j - a potion of degeneration {unknown}
 k - a potion of might {unknown}
 m - a potion of resistance {unknown}

Dungeon Overview and Level Annotations

Branches:
Dungeon (3/15)              Sewer (1/1)

Altars:

Shops:
D:1 ?


Message History

You shoot an arrow. The arrow hits the river rat!
The river rat is severely wounded.
The river rat bites you! The river rat barely misses you.
You shoot an arrow. The arrow hits the river rat!
You kill the river rat!
The river rat bites you! The dart slug launches a dart at you.
The slug dart hits you.
You shoot an arrow.
The arrow hits the river rat but does no damage.
The river rat bites you.
2016 ||| DRINKING potion of heal wounds.
You feel much better. The river rat barely misses you.
You shoot an arrow.
The arrow completely misses the dart slug.
The river rat barely misses you. The dart slug bites you.
You shoot an arrow. The arrow hits the dart slug!
The dart slug is severely wounded.
The river rat bites you but does no damage.
The dart slug bites you.
You shoot an arrow. The arrow hits the dart slug.
You kill the dart slug!
The river rat bites you but does no damage.
You shoot an arrow. The arrow closely misses the river rat.
The river rat misses you. The river rat bites you.
You shoot an arrow. The arrow hits the river rat.
The river rat is moderately wounded.
The river rat bites you.
You shoot an arrow. The arrow barely misses the river rat.
The river rat bites you but does no damage.
You shoot an arrow.
The arrow hits the river rat but does no damage.
The river rat is moderately wounded.
The river rat bites you!
You shoot an arrow.
The arrow hits the river rat but does no damage.
The river rat is moderately wounded.
The river rat bites you!
You die...

###############################
..~~.~~~~~~~~~~.~.~~.~~~~~~~~~~
~~~~~~~~~~~~~~~~~~~~~~~.~~~~~~~
~~~~~.~.~~~~~~~~~~~~~~~~~~~~~~~
#####################~~~#######
#### #~~~# #... #~~~#
#####'r#####~~~#
......%@.~~~~~.#
.........~~~~~.#
#####++#####~~~# #~~~# #~~.#
#~~~# ~~~~# ~~~~#


You could see a river rat.

Vanquished Creatures
  5 adders
  2 river rats (Sewer)
  2 dart slugs
  2 ribbon worms
  7 endoplasms
  A giant cockroach (Sewer)
  3 goblins
  4 hobgoblins
  A jackal (Sewer)
  3 kobolds (D:1)
  6 quokkas
  7 ball pythons
  6 bats
  6 rats
55 creatures vanquished.

Notes
Turn   | Place    | Note
-------+----------+-------------------------------------------
     0 | D:1      | qw the Deep Elf Hunter began the quest for the Orb.
     0 | D:1      | Reached XP level 1. HP: 12/12 MP: 3/3
     0 | D:1      | 0 ||| qw: Version: 0.3-a-160-g6735b56
     0 | D:1      | 0 ||| qw: Game counter: 4473
     0 | D:1      | 0 ||| qw: Melee chars always use a shield: true
     0 | D:1      | 0 ||| qw: God list: Okawaru
     0 | D:1      | 0 ||| qw: Allow faded altars: false
     0 | D:1      | 0 ||| qw: Do Orc after clearing Dungeon:15 true
     0 | D:1      | 0 ||| qw: Do second Lair branch before Depths: true
     0 | D:1      | 0 ||| qw: Lair rune preference: random
     0 | D:1      | 0 ||| qw: Goals: Normal
     0 | D:1      | 0 ||| PLANNING D:1-11
   179 | D:1      | Found Myurir's Magic Scroll Emporium.
   190 | D:1      | 190 ||| SHOPLISTING scroll of enchant armour (97 gold, have
                  | 64).
   190 | D:1      | 190 ||| BUYING scroll of identify (26 gold).
   190 | D:1      | Bought a scroll of identify for 26 gold pieces
   190 | D:1      | 190 ||| BUYING scroll of identify (26 gold).
   190 | D:1      | Bought a scroll of identify for 26 gold pieces
   190 | D:1      | 190 ||| SHOPLISTING scroll of teleportation (39 gold, have
                  | 12).
   281 | D:1      | Reached XP level 2. HP: 16/16 MP: 4/4
   334 | D:1      | Reached skill level 6 in Ranged Weapons
   694 | D:1      | 694 ||| READING 2 scrolls of identify.
   694 | D:1      | 694 ||| IDENTIFYING metallic silvery potion
   695 | D:1      | 695 ||| READING scroll of identify.
   695 | D:1      | 695 ||| IDENTIFYING murky brown potion
   696 | D:1      | 696 ||| READING scroll labelled HIQERE YTSOHAJ.
   797 | D:1      | 797 ||| READING scroll labelled LIRURH HOTEAM.
   826 | D:1      | 826 ||| READING scroll labelled ZOFEOL APNI.
   829 | D:1      | 829 ||| READING scroll labelled RAVIGH MUBLUNEMA.
   829 | D:1      | 829 ||| ENCHANTING +0 shortbow.
   830 | D:1      | 830 ||| DROPPING scroll of butterflies.
   831 | D:1      | 831 ||| DROPPING potion of invisibility.
   855 | D:2      | 855 ||| STAIRDANCE
   872 | D:2      | HP: 4/16 [adder (1)]
   873 | D:2      | 873 ||| DRINKING potion of heal wounds.
   875 | D:2      | Reached XP level 3. HP: 18/20 MP: 5/5
   998 | D:2      | Reached skill level 7 in Ranged Weapons
  1700 | D:2      | Reached XP level 4. HP: 25/25 MP: 6/6
  1721 | D:2      | 1721 ||| UPGRADING to +0 ring mail.
  1731 | D:2      | 1731 ||| DROPPING +0 leather armour.
  1732 | D:2      | 1732 ||| READING scroll labelled FACKINACERR.
  1733 | D:2      | 1733 ||| READING scroll labelled EJAPPI QUYTZAO.
  1734 | D:2      | 1734 ||| READING scroll labelled ITIGY JUME.
  1735 | D:2      | 1735 ||| DRINKING 2 glowing sapphire potions.
  1736 | D:2      | 1736 ||| DROPPING potion of attraction.
  1738 | D:2      | 1738 ||| Stepping ~*~*~tactically~*~*~ (cloud).
  1839 | D:3      | 1839 ||| PLANNING SEWER
  1848 | D:3      | Found a glowing drain.
  1864 | Sewer    | Entered a sewer
  1910 | Sewer    | Reached skill level 8 in Ranged Weapons
  2015 | Sewer    | HP: 3/25 [river rat (5)]
  2016 | Sewer    | 2016 ||| DRINKING potion of heal wounds.
  2024 | Sewer    | Slain by a river rat

Levels and vault maps discovered:
D:1:      lightli_iron_boxes, layout_basic, serial_shops, shop_statue
D:2:      layout_loops_corners
D:3:      layout_basic, cheibrodos_sewer_entry_sluice, serial_shops,
          nicolae_shop_rolled_up, nicolae_shop_hallway_plus,
          nicolae_shop_crystal, shop, uniq_grinder
Sewer:    sewer_fruit_machine

Skill      XL: |  1  2  3  4 |
---------------+-------------+-----
Ranged Weapons | 6 7 8 |  8.2
Fighting       | |  1.5
Dodging        | |  2.4
Stealth        | |  1.2

Action                     |  1- 3 |  4- 6 || total
---------------------------+-------+-------++-------
   Fire: Shortbow          |   103 |    54 ||   157
    Use: Scroll            |     6 |     3 ||     9
         Potion            |     1 |     2 ||     3
 Armour: Leather armour    |    23 |       ||    23
         Ring mail         |       |    20 ||    20
  Dodge: Dodged            |    17 |    14 ||    31

Table legend:
 A = Non-vault XP
 B = Vault XP
 C = Vault XP percentage of total XP
 D = Non-vault monster count
 E = Vault monster count
 F = Vault count percentage of total count
                 A         B        C        D         E       F
            +---------+---------+-------+---------+---------+-------
      Total |     114 |      66 |  36.7 |      39 |      16 |  29.1
            +---------+---------+-------+---------+---------+-------
        D:1 |      38 |       0 |   0.0 |      17 |       0 |   0.0
        D:2 |      71 |       0 |   0.0 |      19 |       0 |   0.0
        D:3 |       5 |       4 |  44.4 |       3 |       1 |  25.0
      Sewer |       0 |      62 | 100.0 |       0 |      15 | 100.0
            +---------+---------+-------+---------+---------+-------
